 Dungeon Crawl Stone Soup version 0.26-a0-812-g31a745ddcd (webtiles) character file.

Game seed: 8079992800302027968

260564 Borgoz the Stickfighter (level 20, -15/134 HPs)
             Began as a Gargoyle Gladiator on Dec 7, 2020.
             Blown up by an orb spider (31 damage)
             ... with an orb of destruction
             ... on level 4 of the Spider Nest on Dec 8, 2020.
             The game lasted 01:29:38 (49462 turns).

Borgoz the Stickfighter (Gargoyle Gladiator)       Turns: 49462, Time: 01:29:39

Health: -15/134    AC: 39    Str: 24    XL:     20   Next: 34%
Magic:  0/24       EV: 18    Int:  8    God:
Gold:   2082       SH:  0    Dex: 17    Spells: 20/25 levels left

rFire    + + .     SeeInvis +   a - +5 lajatang (freeze)
rCold    + . .     Faith    .   (shield currently unavailable)
rNeg     + . .     Spirit   +   F - +0 chain mail "Curias" {rF+ MR+ Dex+2}
rPois    ∞         Reflect  .   A - +1 hat
rElec    +         Harm     .   m - +2 cloak
rCorr    .         Rampage  .   u - +2 pair of gloves
MR       +++..                  B - +0 pair of boots {run}
Stlth    ..........             H - amulet of guardian spirit
HPRegen  0.32/turn              i - ring of see invisible
MPRegen  0.19/turn              y - ring "Tyl Nai" {*Corrode +Inv rF+ rC+ MR+}

@: flying, quick
A: big wings, negative energy resistance 1, electricity resistance, unbreathing,
petrification resistance, rot immunity, AC +15
}: 1/15 runes: decaying
a: Stop Flying, Evoke Invisibility


You were on level 4 of the Spider Nest.
You visited 6 branches of the dungeon, and saw 32 of its levels.
You also visited: Sewer and Volcano.

You collected 4588 gold pieces.
You spent 2506 gold pieces at shops.

Inventory:

Hand Weapons
 a - a +5 lajatang of freezing (weapon)
 b - a +8 quarterstaff of flaming
Armour
 m - a +2 cloak (worn)
 u - a +2 pair of gloves (worn)
 A - a +1 hat (worn)
 B - a +0 pair of boots of running (worn)
 D - a +2 ring mail of cold resistance
 F - the +0 chain mail "Curias" (worn) {rF+ MR+ Dex+2}
   (You found it on level 10 of the Dungeon)

   It affects your dexterity (+2).
   It protects you from fire.
   It affects your resistance to hostile enchantments.
 N - a scarf of invisibility
Jewellery
 i - a ring of see invisible (left hand)
 n - an uncursed amulet of reflection
 v - an uncursed ring of protection from fire
 y - the ring "Tyl Nai" (right hand) {*Corrode +Inv rF+ rC+ MR+}
   (You found it on level 9 of the Dungeon)

   [ring of protection from fire]

   It protects you from fire.
   It protects you from cold.
   It affects your resistance to hostile enchantments.
   It lets you turn invisible.
   It may corrode you when you take damage.
 H - an amulet of guardian spirit (around neck)
 J - a +6 ring of dexterity
 K - an uncursed amulet of regeneration
Wands
 e - a wand of disintegration (12)
 h - a wand of digging (10)
 j - a wand of acid (26)
 p - a wand of enslavement (15)
 s - a wand of polymorph (6)
 w - a wand of paralysis (27)
 G - a wand of iceblast (33)
 O - a wand of flame (19)
Scrolls
 d - 8 scrolls of identify
 f - 18 scrolls of remove curse
 k - 2 scrolls of summoning
 l - 2 scrolls of magic mapping
 q - 7 scrolls of blinking
 r - a scroll of holy word
 t - 9 scrolls of teleportation
 E - 2 scrolls of fog
Potions
 c - a potion of ambrosia
 g - 2 potions of might
 o - a potion of berserk rage
 x - a potion of curing
 z - 3 potions of haste
 I - 5 potions of cancellation


   Skills:
 + Level 17.0 Fighting
 + Level 17.7 Staves
 - Level 1.7 Throwing
 + Level 17.0 Armour
 * Level 14.2 Dodging
 - Level 5.0 Stealth
 - Level 3.0 Spellcasting
 + Level 5.7 Hexes
 - Level 5.0 Translocations
 - Level 5.0 Evocations


You had 20 spell levels left.
You knew the following spells:

 Your Spells              Type           Power        Failure   Level
a - Confusing Touch       Hex            ##......     34%         3
b - Blink                 Tloc           N/A          24%         2

Your spell library contained the following spells:

 Spells                   Type           Power        Failure   Level
 Corona                   Hex            ##.....      12%         1
 Apportation              Tloc           #.....       16%         1
 Slow                     Hex            ##......     17%         2
 Tukima's Dance           Hex            ##......     34%         3
 Ensorcelled Hibernation  Hex/Ice        #.....       50%         2
 Dazzling Flash           Conj/Hex       #.....       75%         3
 Animate Skeleton         Necr           #.....       77%         1
 Freeze                   Ice            #...         77%         1
 Magic Dart               Conj           #...         77%         1
 Pain                     Necr           #...         77%         1
 Summon Small Mammal      Summ           #...         77%         1
 Call Imp                 Summ           #.......     88%         2
 Searing Ray              Conj           #.....       88%         2
 Conjure Flame            Conj/Fire      #.......     98%         3
 Frozen Ramparts          Ice            #.....       98%         3
 Mephitic Cloud           Conj/Pois/Air  #.......     98%         3
 Ozocubu's Armour         Ice            #.......     98%         3
 Vampiric Draining        Necr           #.........   98%         3
 Fulminant Prism          Conj/Hex       #.........   98%         4
 Iskenderun's Mystic Bla  Conj/Tloc      #.......     99%         4
 Animate Dead             Necr           #.........   100%        4
 Hailstorm                Conj/Ice       #.......     100%        4
 Summon Ice Beast         Ice/Summ       #.......     100%        4
 Agony                    Necr           #.......     100%        5
 Bolt of Magma            Conj/Fire/Erth #.........   100%        5
 Irradiate                Conj/Tmut      #.........   100%        5
 Iskenderun's Battlesphe  Conj           #.......     100%        5
 Hydra Form               Tmut           #.........   100%        6
 Iron Shot                Conj/Erth      #.........   100%        6
 Dragon Form              Tmut           #.........   100%        7
 Orb of Destruction       Conj           #.........   100%        7
 Spellforged Servitor     Conj/Summ      #.........   100%        7
 Statue Form              Tmut/Erth      Unusable     N/A         6

Dungeon Overview and Level Annotations

Branches:
Dungeon (15/15)            Temple (1/1) D:7            Lair (6/6) D:8
  Swamp (4/4) Lair:2       Spider (4/4) Lair:2        Slime (0/5) Lair:6
    Orc (2/2) D:10            Elf (0/3) Orc:2        Vaults (0/5) D:13
 Depths (0/5) D:15          Sewer (visited)         Volcano (visited)

Altars:
Ashenzari
Cheibriados
Dithmenos
Elyvilon
Fedhas
Gozag
Hepliaklqana
Kikubaaqudgha
Makhleb
Nemelex Xobeh
Okawaru
Qazlal
Ru
Sif Muna
Trog
Uskayaw
Vehumet
Wu Jian
Xom
Yredelemnul
Zin
The Shining One
Jiyva

Shops:
Orc:1 [   Orc:2 =[*(

Portals:
Trove: D:13 (give +6 demon trident)


Innate Abilities, Weirdness & Mutations

You are resistant to torment.
Your stone body is resilient. (AC +15)
You are immune to poison.
Your large and strong wings let you fly indefinitely.
You resist negative energy. (rN+)
You are resistant to electric shocks. (rElec)
You can survive without breathing.
You are immune to petrification.
You are immune to rotting.


Message History

* * * LOW HITPOINT WARNING * * *
The jumping spider closely misses you.
The jumping spider bites you but does no damage.
The tarantella bites you but does no damage.
The tarantella barely misses you.
The jumping spider pounces on you but does no damage.
The jumping spider bites you but does no damage.
The tarantella completely misses you.
The orb spider weaves a glowing orb of energy.
The jumping spider leaps!
The tarantella closely misses you.
An orb of destruction comes into view.
You're too confused to move!
The tarantella completely misses you. The tarantella barely misses you.
The orb spider begins to weave its threads into a brightly glowing ball.
The tarantella closely misses you.
You hit the tarantella. You freeze the tarantella.
The tarantella is lightly wounded.
You feel less confused. The orb of destruction hits you!!!
You die...

....^.# #####...###
.....^######..##.....##
.....^#^#..#..###^...^#
#.......##.....#......# ##
##.......#.......s....# ...# .
#................○...##....#....#
##[......)......°..s.# ^....#...#
.............†#.○s°s.# ...##....#
..............##@ss..###..# ....#
^..............###........# ##..s
#.^^###........#^..s.....####.s.s
#[.##.........###........#s.###..
^..#^...^...#...##.......#.s.†.)†
######......#....####......†.†.≈≈
#.......###.#....## ###.^..#...##
.........#####....# #....#...#
###..<....# ###### ##########


You could see 4 orb spiders and 3 tarantellas.

Vanquished Creatures
  Mara (Spider:3)
  Bai Suzhen (Spider:4)
  Arachne (Spider:1)
  Rupert (D:15)
  A sphinx (D:15)
  Kirke (Lair:6)
  Agnes (Spider:4)
  A storm dragon (D:15)
  2 thorn hunters
  Roxanne (Spider:1)
  The ghost of psellion the Unlucky Halfling, an adept HaHu of Nemelex Xobeh (Spider:1)
  A fenstrider witch (Swamp:4)
  A frost giant (D:15)
  A ghost moth (Spider:3)
  Louise (D:14)
  2 emperor scorpions
  An orc warlord (Orc:2)
  Aizul (Spider:2)
  2 entropy weavers (Spider:3)
  2 bunyips (Swamp:4)
  2 spark wasps (Spider:3)
  A minotaur (Lair:3)
  3 eleionomae
  An ettin (D:15)
  4 fire dragons
  2 great orbs of eyes (D:15)
  Josephine (D:11)
  3 shambling mangroves (Swamp:4)
  2 yaktaur captains
  A rakshasa (D:15)
  Harold (D:7)
  An ice dragon (D:15)
  22 hydras
  6 boulder beetles
  2 ghost crabs
  A catoblepas (Lair:6)
  A death knight (D:15)
  14 two-headed ogres
  12 centaur warriors
  The ghost of Flubbersnuff the Basher, a journeyman GrFi of Okawaru (Lair:3)
  A deep troll shaman (Lair:6)
  5 death yaks (Lair:6)
  6 ogre magi
  A hell hog (Volcano)
  8 alligators
  5 goliath frogs
  4 orc high priests
  The ghost of PanSaczeczos the Magician, a novice HuWz of Hepliaklqana (D:7)
  Urug (Orc:1)
  2 skeletal warriors
  A fire crab (shapeshifter) (D:15)
  A spriggan druid (Swamp:1)
  9 swamp dragons
  A deep troll (D:15)
  A wizard (D:15)
  3 bog bodies
  2 lindwurms (Lair:6)
  An unseen horror (D:10)
  2 deep elf archers
  A necromancer (D:15)
  7 orc knights
  8 orb spiders
  5 deep elf magi
  5 oklob plants
  4 will-o-the-wisps
  40 wolf spiders
  20 ugly things
  7 cyclopes
  7 black mambas
  25 elephants
  6 manticores
  6 orc sorcerers
  A moth of wrath (Spider:1)
  An ice statue (D:12)
  2 molten gargoyles (Volcano)
  4 cane toads
  2 gargoyles
  An efreet (D:13)
  4 yaktaurs
  A kobold demonologist (D:14)
  2 rime drakes (Lair:4)
  2 freezing wraiths
  8 komodo dragons
  20 demonic crawlers
  5 trolls
  A queen bee (D:14)
  35 jumping spiders
  3 meliai (D:14)
  8 hornets
  7 polar bears
  11 blink frogs
  6 slime creatures
  5 tyrant leeches
  6 dream sheep (Lair:6)
  2 centaur simulacra (D:15)
  A water elemental (D:13)
  8 wraiths
  4 shadows
  2 wyverns (Lair:5)
  2 vampires
  61 yaks
  70 redbacks
  23 tarantellas
  7 fire bats
  6 hogs (Lair:6)
  4 basilisks
  A steam dragon (Volcano)
  7 vampire mosquitoes
  A soldier ant (D:11)
  3 wargs (D:8)
  5 acid dragons
  17 swamp worms
  13 water moccasins
  2 hell hounds (Volcano)
  26 orc warriors
  9 swamp drakes (Swamp:4)
  15 ice beasts
  6 phantoms
  3 necrophages
  5 sky beasts
  17 ogres
  13 wolves
  16 centaurs
  A big kobold (D:11)
  15 bullfrogs
  5 wyvern zombies
  3 scorpions
  2 wyvern skeletons (D:13)
  26 killer bees
  15 wights
  3 howler monkeys
  10 electric eels
  A bullfrog zombie (D:6)
  6 lava snakes (Volcano)
  3 centaur zombies
  12 centaur skeletons
  13 hounds
  Crazy Yiuf (D:5)
  6 bullfrog skeletons
  3 jellies
  20 orc priests
  19 orc wizards
  Terence (D:3)
  3 iguanas
  11 worker ants
  8 ogre zombies (D:10)
  2 hound skeletons (D:10)
  A hound zombie (D:6)
  A mummy (D:10)
  3 worker ant zombies
  2 howler monkey skeletons
  10 gnolls
  18 adders
  2 shadow imps (D:6)
  3 white imps
  An ufetubus (D:6)
  4 oozes
  An adder zombie (D:8)
  An adder skeleton (D:9)
  4 worms
  A dart slug (D:2)
  11 leopard geckos
  67 orcs
  10 giant cockroaches
  12 goblins
  7 hobgoblins
  6 jackals
  10 kobolds
  8 quokkas
  2 ball pythons
  7 bats
  A goblin zombie (D:10)
  2 hobgoblin zombies (D:10)
  A leopard gecko skeleton (D:4)
  2 leopard gecko zombies
  3 orc skeletons (D:10)
  18 orc zombies (D:10)
  15 rats
1208 creatures vanquished.

Vanquished Creatures (others)
  Nikola (Spider:3)
  2 unseen horrors
  A bloated husk (Swamp:1)
  3 jumping spiders
  A hornet (Swamp:4)
  A dream sheep (Lair:6)
  A vampire (D:15)
  2 tarantellas (Spider:4)
  5 redbacks
  An orc wizard (Orc:1)
  An orc (Orc:1)
  18 foxfires
  17 fungi
  19 plants
  6 withered plants
79 creatures vanquished.

Grand Total: 1287 creatures vanquished

Notes
Turn   | Place    | Note
-------+----------+-------------------------------------------
     0 | D:1      | Borgoz the Gargoyle Gladiator began the quest for the Orb.
     0 | D:1      | Reached XP level 1. HP: 12/12 MP: 1/1
   124 | D:1      | Reached XP level 2. HP: 15/18 MP: 2/2
   364 | D:1      | Reached skill level 1 in Armour
   409 | D:1      | Reached XP level 3. HP: 22/22 MP: 3/3
   730 | D:2      | Found a shadowy altar of Dithmenos.
   730 | D:2      | Found a radiant altar of Vehumet.
   734 | D:2      | Reached XP level 4. HP: 27/27 MP: 4/4
  1130 | D:2      | Reached XP level 5. HP: 32/32 MP: 5/5
  1695 | D:3      | Noticed Terence
  1721 | D:3      | Killed Terence
  1873 | D:3      | Found a stormy altar of Qazlal.
  2221 | D:3      | Reached XP level 6. HP: 37/37 MP: 6/6
  2427 | D:4      | Reached skill level 5 in Staves
  3138 | D:4      | Reached XP level 7. HP: 39/42 MP: 7/7
  3673 | D:5      | Entered Level 5 of the Dungeon
  3987 | D:5      | Reached XP level 8. HP: 48/48 MP: 8/8
  4046 | D:5      | Found a runed translucent door.
  4047 | D:5      | Noticed Crazy Yiuf
  4496 | D:5      | Killed Crazy Yiuf
  4726 | D:6      | Reached skill level 5 in Fighting
  5177 | D:6      | Found a glowing drain.
  5195 | Sewer    | Entered a sewer
  5285 | Sewer    | Reached skill level 5 in Armour
  5481 | D:6      | Reached XP level 9. HP: 40/55 MP: 9/9
  5796 | D:7      | Found a runed translucent door.
  5802 | D:7      | Noticed PanSaczeczos's ghost (novice HuWz)
  6052 | D:6      | Found a hide-covered altar of Uskayaw.
  6117 | D:6      | Reached skill level 5 in Dodging
  6769 | D:7      | Noticed Harold
  6814 | D:7      | Killed Harold
  7041 | D:7      | Found an ancient bone altar of Kikubaaqudgha.
  7055 | D:7      | Found a staircase to the Ecumenical Temple.
  7107 | Temple   | Entered the Ecumenical Temple
  7747 | D:8      | You fall into a shaft and drop 3 floors!
  7765 | D:11     | Noticed a manticore
  7776 | D:11     | Killed a manticore
  7776 | D:11     | Reached XP level 10. HP: 58/63 MP: 10/10
  8253 | D:11     | Reached skill level 10 in Staves
  8649 | D:11     | Noticed a green ugly thing
  8665 | D:11     | Killed a green ugly thing
  8801 | D:10     | Entered Level 10 of the Dungeon
  8849 | D:11     | Noticed Josephine
  8864 | D:11     | Killed Josephine
  8918 | D:11     | Reached XP level 11. HP: 14/68 MP: 11/11
  9460 | D:11     | Noticed a boulder beetle
  9497 | D:11     | HP: 1/68 [boulder beetle (41)]
  9499 | D:11     | Killed a boulder beetle
  9835 | D:10     | Found a staircase to the Orcish Mines.
 10414 | D:10     | Noticed a centaur warrior
 10432 | D:10     | Killed a centaur warrior
 10596 | D:10     | Noticed a two-headed ogre
 10617 | D:10     | Killed a two-headed ogre
 10852 | D:10     | Noticed a two-headed ogre
 10868 | D:10     | Killed a two-headed ogre
 10960 | D:10     | Noticed a purple ugly thing
 10974 | D:10     | Killed a purple ugly thing
 11162 | D:10     | Noticed an unseen horror
 11166 | D:10     | Identified the +2 plate armour of Utopp {Harm +Blink Int+4}
 11166 | D:10     | Noticed an orc knight
 11184 | D:10     | Killed an unseen horror
 11204 | D:10     | Killed an orc knight
 11329 | D:10     | Noticed a two-headed ogre
 11340 | D:10     | Killed a two-headed ogre
 11340 | D:10     | Reached XP level 12. HP: 40/76 MP: 12/12
 11518 | D:10     | Noticed a boulder beetle
 11543 | D:10     | Noticed a centaur warrior
 11570 | D:10     | Killed a centaur warrior
 11570 | D:10     | Reached skill level 1 in Evocations
 11685 | D:10     | Killed a boulder beetle
 11975 | D:10     | Got a polished chain mail
 11996 | D:10     | Identified the +0 chain mail "Curias" {rF+ MR+ Dex+2} (You
                  | found it on level 10 of the Dungeon)
 12375 | D:9      | Got a pitted platinum ring
 12377 | D:9      | Identified the ring "Tyl Nai" {*Corrode +Inv rF+ rC+ MR+}
                  | (You found it on level 9 of the Dungeon)
 12714 | D:9      | Noticed a two-headed ogre
 12728 | D:9      | Killed a two-headed ogre
 13077 | D:9      | Reached skill level 10 in Fighting
 13088 | D:9      | Found an opulent altar of Gozag.
 13646 | D:8      | Learned a level 2 spell: Blink
 13943 | D:8      | Found a staircase to the Lair.
 14671 | D:12     | Reached skill level 10 in Armour
 15283 | D:12     | Noticed a two-headed ogre
 15298 | D:12     | Killed a two-headed ogre
 15493 | D:12     | Noticed a boulder beetle
 15578 | D:12     | Killed a boulder beetle
 15578 | D:12     | Reached XP level 13. HP: 35/83 MP: 13/13
 17852 | D:13     | Found a gate to the Vaults.
 18471 | D:13     | Got a warped ring mail
 18484 | D:13     | Identified the +3 ring mail of Yttoukk {-Tele rN+ MR++}
                  | (You found it on level 13 of the Dungeon)
 18537 | D:13     | Found a portal to a secret trove of treasure.
 19185 | D:14     | Reached skill level 5 in Evocations
 19489 | D:14     | Noticed Louise
 19521 | D:14     | Killed Louise
 19916 | D:14     | Gained mutation: Your large and strong wings let you fly
                  | indefinitely. [Gargoyle growth]
 19916 | D:14     | Reached XP level 14. HP: 42/90 MP: 14/14
 21080 | D:15     | Entered Level 15 of the Dungeon
 21938 | D:14     | Reached skill level 15 in Staves
 23902 | D:15     | Found a bloodstained altar of Trog.
 23903 | D:15     | Found a shadowy altar of Dithmenos.
 23903 | D:15     | Found an opulent altar of Gozag.
 23923 | D:15     | Reached skill level 10 in Dodging
 24400 | D:15     | Reached XP level 15. HP: 88/97 MP: 14/16
 24602 | D:15     | Found a staircase to the Depths.
 24685 | D:15     | Reached skill level 1 in Spellcasting
 24996 | D:15     | Noticed Rupert
 25006 | D:15     | Killed Rupert
 25413 | D:15     | Noticed a storm dragon
 25469 | D:15     | Killed a storm dragon
 25968 | D:15     | Noticed a sphinx
 25978 | D:15     | Killed a sphinx
 26250 | D:15     | Noticed a frost giant
 27250 | D:15     | Got a glimmering whip
 27265 | D:15     | Identified the cursed +1 whip "Diugawag" {flame, *Corrode
                  | rElec rPois Str+4} (You found it on level 15 of the
                  | Dungeon)
 27787 | D:15     | Killed a frost giant
 28226 | D:15     | Reached XP level 16. HP: 94/105 MP: 20/20
 28293 | D:15     | Got a faintly humming plate armour
 28314 | D:15     | Identified the +5 plate armour of Claustrophobia {Int+3}
                  | (You found it on level 15 of the Dungeon)
 28767 | D:7      | Killed PanSaczeczos's ghost
 28844 | Lair:1   | Entered Level 1 of the Lair of Beasts
 30296 | Lair:2   | Found a staircase to the Swamp.
 30502 | Lair:2   | Found a hole to the Spider Nest.
 31057 | Lair:3   | Reached skill level 1 in Stealth
 31064 | Lair:3   | Found a runed translucent gate.
 31099 | Lair:3   | Found a dark tunnel.
 31113 | Volcano  | Entered a volcano
 31324 | Volcano  | Found a bloodstained altar of Trog.
 31597 | Volcano  | Reached skill level 1 in Translocations
 31790 | Lair:3   | Found a runed translucent gate.
 31790 | Lair:3   | Found a runed translucent gate.
 31802 | Lair:3   | Noticed Flubbersnuff's ghost (journeyman GrFi)
 31866 | Lair:3   | Reached skill level 1 in Hexes
 31866 | Lair:3   | Reached XP level 17. HP: 112/112 MP: 21/21
 32336 | Lair:3   | Killed Flubbersnuff's ghost
 34747 | Lair:6   | Entered Level 6 of the Lair of Beasts
 34747 | Lair:6   | Found a viscous altar of Jiyva.
 34747 | Lair:6   | Found a staircase to the Slime Pits.
 34749 | Lair:6   | Noticed Kirke
 34764 | Lair:6   | Noticed a sphinx
 34774 | Lair:6   | Killed Kirke
 34900 | Lair:6   | Reached skill level 15 in Fighting
 35064 | Lair:6   | Reached XP level 18. HP: 63/119 MP: 22/22
 35072 | Lair:6   | Reached skill level 15 in Armour
 36310 | Orc:1    | Entered Level 1 of the Orcish Mines
 36458 | Orc:2    | Entered Level 2 of the Orcish Mines
 36812 | Orc:2    | Reached skill level 5 in Stealth
 36893 | Orc:2    | Found Hiptycot's General Store.
 36937 | Orc:2    | Bought a wand of digging (5) for 324 gold pieces
 36958 | Orc:2    | Found Pouboxo's Antique Weapon Shoppe.
 37131 | Orc:2    | Found a staircase to the Elven Halls.
 37352 | Orc:1    | Noticed Urug
 37373 | Orc:1    | Killed Urug
 37446 | Orc:1    | Found Esuqiff's Antique Armour Boutique.
 37562 | Orc:2    | Found Vuotogh's Jewellery Shop.
 37660 | Orc:2    | Found Geotril's Antique Armour Shoppe.
 37915 | Orc:1    | Bought a transparent leather armour for 182 gold pieces
 37915 | Orc:1    | Bought a faintly glowing ring mail for 234 gold pieces
 37943 | Orc:2    | Bought a smoking scale mail for 225 gold pieces
 37943 | Orc:2    | Bought an embroidered hat for 175 gold pieces
 37943 | Orc:2    | Bought a pair of embroidered boots for 187 gold pieces
 37943 | Orc:2    | Bought a masterwork ring mail for 225 gold pieces
 37958 | Orc:2    | Bought an uncursed amulet of guardian spirit for 420 gold
                  | pieces
 37958 | Orc:2    | Bought the ring of Pijeoniz {rN+ Slay+2 Stlth+} for 534
                  | gold pieces
 37968 | Orc:2    | Identified the +2 ring mail "Gof Feti" {rN+ Stlth+} (You
                  | bought it in a shop on level 1 of the Orcish Mines)
 37998 | Orc:2    | Identified the +0 ring mail "Ifiob" {+Blink} (You bought it
                  | in a shop on level 2 of the Orcish Mines)
 38008 | Orc:2    | Identified a +0 pair of boots of running (You bought it in
                  | a shop on level 2 of the Orcish Mines)
 38147 | Lair:1   | Identified the +6 scale mail "Raxap" {Str+3} (You bought it
                  | in a shop on level 2 of the Orcish Mines)
 38157 | Lair:1   | Identified the +3 leather armour of Dogma {*Slow MR+++
                  | MP+9} (You bought it in a shop on level 1 of the Orcish
                  | Mines)
 38288 | Swamp:1  | Entered Level 1 of the Swamp
 39890 | Lair:1   | Learned a level 3 spell: Confusing Touch
 41288 | Swamp:4  | Entered Level 4 of the Swamp
 41320 | Swamp:4  | Paralysed by a fenstrider witch for 3 turns
 41661 | Swamp:4  | Reached skill level 5 in Translocations
 42276 | Swamp:4  | Reached XP level 19. HP: 125/125 MP: 23/23
 43127 | Swamp:4  | Got a decaying rune of Zot
 43467 | Spider:1 | Entered Level 1 of the Spider Nest
 44169 | Spider:1 | Noticed Roxanne
 44193 | Spider:1 | Killed Roxanne
 44847 | Spider:1 | Found a large runed translucent door.
 44848 | Spider:1 | Found a large runed translucent door.
 44869 | Spider:1 | Noticed psellion's ghost (adept HaHu)
 45147 | Spider:1 | Killed psellion's ghost
 45455 | Spider:2 | Noticed Arachne
 45687 | Spider:1 | HP: 2/127 [redback (17)]
 45702 | Spider:1 | Killed Arachne
 46155 | Spider:2 | Noticed Aizul
 46170 | Spider:2 | Killed Aizul
 46846 | Spider:3 | Noticed Mara
 46851 | Spider:3 | Noticed Borgoz's illusion
 46870 | Spider:3 | HP: 4/127 [emperor scorpion (14)]
 46947 | Spider:3 | Killed Mara
 47410 | Spider:3 | Reached skill level 5 in Hexes
 47444 | Spider:3 | Reached XP level 20. HP: 57/133 MP: 13/24
 48048 | Spider:4 | Entered Level 4 of the Spider Nest
 48054 | Spider:4 | Noticed Nikola
 48483 | Spider:3 | Killed Nikola
 48815 | Spider:4 | Noticed Agnes
 48823 | Spider:4 | Killed Agnes
 49006 | Spider:4 | Noticed Bai Suzhen
 49389 | Spider:4 | Killed Bai Suzhen
 49462 | Spider:4 | Blown up by an orb spider

Illustrated notes

Levels and vault maps discovered:
D:1:      lemuel_arrival_room, layout_rooms, minmay_pentomino_q2
D:2:      layout_basic, gammafunk_temple_overflow_wave, grunt_ministairs_3
D:3:      layout_loops_ring, grunt_qazlal_clouds, uniq_terence
D:4:      layout_cave_pools, serial_glass, glass_columns_a, glass_columns_a,
          kennysheep_diamond, minmay_manual_mandibuliform
D:5:      layout_rooms, uniq_crazy_yiuf_cottage
D:6:      minmay_polygon_palace, layout_cave_pods,
          eat_drink_and_be_merry_uskayaw, gup_sewer_entry_bubbles
D:7:      layout_rooms, old_standard_altar, temple_fountains,
          gammafunk_ghost_grave, minmay_statues_item, chequers_avenue,
          uniq_harold
D:8:      layout_loops_ring, erik_lair_orcish_takeover, minmay_misc_feat_room
D:9:      layout_cave_pods, grunt_gozag_breadcrumbs
D:10:     minmay_the_grid_octo_2x2 [minmay_the_grid_octo_thin_diamonds,
          minmay_the_grid_octo_toaster, minmay_the_grid_octo_77,
          minmay_the_grid_octo_prize_big_c], layout_cave_pods,
          zombieorc2_lemuel, serial_undead, serial_undead_e, serial_undead_e,
          serial_undead_a, serial_undead_b
D:11:     layout_stronghold, uniq_josephine
D:12:     layout_loops_corners, dk_noncrumbling_2, ice2_lemuel
D:13:     layout_basic, hangedman_vaults_entry_quadrant_bands,
          trove_entry_hex_spiral
D:14:     layout_roguey [special_room_bee], minmay_increasing_density,
          uniq_louise
D:15:     hangedman_slaughterboxes, uniq_rupert
Temple:   compressed_dpeg_circular_temple
Lair:1:   layout_cave_pods, special_room, beast_lair_carwin_7
Lair:2:   layout_layer_cave, minmay_swamp_entry_worms,
          spider_nest_entry_web_field
Lair:3:   layout_misc_corridors, nicolae_volcano_entry_batcave,
          maelrawn_ghost_gauntlet_escape, infiniplex_staircase_pool
Lair:4:   layout_regular_city
Lair:5:   dpeg_oklob_gauntlet, layout_misc_corridors
Lair:6:   grunt_lair_end_beastmaster, layout_hall_layers, slime_altar_1,
          lemuel_fruit_tree, serial_bayou_shore_a, uniq_kirke
Swamp:1:  layout_basic_swamp, hangedman_swamp_ruin_wall
Swamp:2:  layout_basic_swamp, evilmike_swamp_ruin_house_3
Swamp:3:  layout_basic_swamp, nicolae_swamp_treefoil, swamp_pool3
Swamp:4:  swamp_basic_johnstein, layout_basic_swamp
Spider:1: layout_spider_delve, ebering_ghost_disaster_area, uniq_roxanne
Spider:2: layout_spider_delve, uniq_arachne, uniq_aizul
Spider:3: nicolae_spider_hall_of_the_moth_king, uniq_mara
Spider:4: grunt_spider_rune_circles, uniq_nikola, uniq_agnes, uniq_bai_suzhen
Orc:1:    layout_caves, serial_shops, nicolae_shop_crystal,
          statue_in_the_mist_lemuel, uniq_urug
Orc:2:    grunt_orc_gardens, layout_diamond_mine, grunt_orc_garden,
          grunt_orc_garden, grunt_orc_garden, grunt_orc_garden

Skill      XL: |  1  2  3  4  5  6  7  8  9 10 11 12 13 14 15 16 17 18 19 20 |
---------------+-------------------------------------------------------------+-----
Armour         | 1 2 3 4 5 6 7 9 10 11 12 13 14 15 16 17 | 17.0
Staves         | 4 5 6 7 9 10 12 13 14 15 16 17 | 17.7
Fighting       | 3 4 5 7 8 9 10 11 12 13 14 15 16 17 | 17.0
Dodging        | 3 4 5 6 7 8 9 10 11 12 13 14 | 14.2
Evocations     | 3 5 |  5.0
Spellcasting   | 3 |  3.0
Stealth        | 2 4 5 |  5.0
Translocations | 1 3 5 |  5.0
Hexes          | 1 2 5 |  5.7
Throwing       | |  1.7

Action                   |  1- 3 |  4- 6 |  7- 9 | 10-12 | 13-15 | 16-18 | 19-21 || total
-------------------------+-------+-------+-------+-------+-------+-------+-------++-------
Melee: Quarterstaff      |    80 |   246 |   422 |  1255 |  1885 |   567 |    47 ||  4502
       Lajatang          |       |       |       |       |       |   857 |   915 ||  1772
Throw: Throwing net      |       |     1 |     9 |     3 |       |       |       ||    13
 Abil: Fly               |       |       |       |       |     1 |       |       ||     1
Evoke: Wand              |       |       |     2 |    24 |    20 |    45 |    10 ||   101
  Use: Potion            |       |     3 |     1 |     5 |    12 |     3 |     6 ||    30
       Scroll            |       |       |    18 |     8 |    10 |    17 |     5 ||    58
 Stab: Held in net/web   |       |     1 |     4 |     5 |       |       |       ||    10
       Sleeping          |       |     1 |       |       |       |       |       ||     1
       Distracted        |       |       |       |       |     2 |     1 |       ||     3
       Petrified         |       |       |       |       |       |     5 |       ||     5
       Petrifying        |       |       |       |       |       |     1 |       ||     1
       Paralysed         |       |       |       |       |       |       |    10 ||    10
Armor: Ring mail         |    31 |   126 |   214 |       |       |       |       ||   371
       Leather armour    |     1 |       |       |       |       |       |       ||     1
       Chain mail        |       |       |    39 |   525 |   756 |   986 |  1138 ||  3444
       Plate armour      |       |       |       |    24 |       |       |       ||    24
Dodge: Dodged            |    48 |   194 |   308 |   526 |   920 |  1355 |  1568 ||  4919
Block: Other             |       |       |    46 |   212 |   298 |    88 |       ||   644
       Reflection        |       |       |     1 |     2 |    27 |     2 |       ||    32

Table legend: (Time is in decaauts)
 A = Elapsed time spent in this place.
 B = Non-inter-level travel time spent in this place.
 C = Inter-level travel time spent in this place.
 D = Time resting spent in this place.
 E = Time spent auto-exploring this place.
 F = Levels seen in this place.
 G = Mean time per level.
                   A        B        C        D        E       F      G
               +--------+--------+--------+--------+--------+-----+--------+
         Total |  47295 |  44555 |   2740 |  17055 |  18440 |  34 | 1391.0 |
       Dungeon |  27793 |  26508 |   1285 |  11281 |   9794 |  15 | 1852.9 |
        Temple |    127 |     93 |     34 |      0 |     87 |   1 |  127.0 |
          Lair |   7228 |   6398 |    830 |   1213 |   4044 |   6 | 1204.7 |
         Swamp |   4259 |   4036 |    223 |   1566 |   1817 |   4 | 1064.8 |
   Spider Nest |   5450 |   5260 |    190 |   2684 |   1480 |   4 | 1362.5 |
  Orcish Mines |   1662 |   1486 |    176 |    279 |    746 |   2 |  831.0 |
         Sewer |    172 |    172 |      0 |     31 |     75 |   1 |  172.0 |
       Volcano |    601 |    601 |      0 |      0 |    395 |   1 |  601.0 |
               +--------+--------+--------+--------+--------+-----+--------+

Top non-repeatable levels by time:
    D:14: 4866 daAuts
    D:15: 3869 daAuts
    D:11: 2473 daAuts
Spider:1: 2444 daAuts
    D:12: 2437 daAuts
    D:10: 2104 daAuts
    D:13: 2022 daAuts
     D:6: 1918 daAuts
Spider:3: 1826 daAuts
 Swamp:4: 1494 daAuts
  Lair:2: 1452 daAuts
  Lair:1: 1430 daAuts
     D:9: 1332 daAuts
     D:4: 1302 daAuts
  Lair:5: 1179 daAuts
